 Dungeon Crawl Stone Soup version 0.29.1-4-g47bece8355 (webtiles) character file.

Game seed: 13621188586267513470

6 GorkyZ the Trooper (level 1, -2/14 HPs)
             Began as a Gargoyle Monk on Dec 3, 2022.
             Frozen to death by an endoplasm (4 damage)
             ... on level 1 of the Dungeon.
             The game lasted 00:01:41 (266 turns).

GorkyZ the Trooper (Gargoyle Monk)                   Turns: 266, Time: 00:01:41

Health: -2/14      AC: 12    Str: 14    XL:     1   Next: 90%
Magic:  1/1        EV: 11    Int: 10    God:
Gold:   15         SH:  0    Dex: 12    Spells: 0/0 levels left

rFire   . . .      SeeInvis .   a - +0 mace
rCold   . . .      Faith    .   (no shield)
rNeg    + . .      Spirit   .   e - +0 ring mail
rPois   ∞          Reflect  .   (no helmet)
rElec   +          Harm     .   (no cloak)
rCorr   .          Rampage  .   (no gloves)
Will    .....                   h - +0 pair of boots
Stlth   +.........              (no amulet)
HPRegen 0.04/turn               g - +4 ring of protection
MPRegen 0.07/turn               (no ring)

@: no status effects
A: sickness immunity, AC +2, negative energy resistance 1, electricity
resistance, torment resistance 1, petrification resistance
a: no special abilities


You were on level 1 of the Dungeon.
You visited 1 branch of the dungeon, and saw 1 of its levels.

You collected 15 gold pieces.

Inventory:

Hand Weapons
 a - a +0 mace (weapon)
Armour
 b - a +0 robe
 e - a +0 ring mail (worn)
 h - a +0 pair of boots (worn)
Jewellery
 g - a +4 ring of protection (left hand)
Scrolls
 d - a scroll of acquirement {unknown}
 f - a scroll of identify {unknown}
Potions
 c - a potion of ambrosia


   Skills:
 + Level 3.3 Fighting
 + Level 3.0 Maces & Flails
 + Level 0.2 Throwing
 + Level 0.4 Armour
 + Level 2.4 Dodging
 - Level 2.1 Stealth
 + Level 0.2 Evocations


You couldn't memorise any spells.
You didn't know any spells.
Your spell library was empty.

Dungeon Overview and Level Annotations

Branches:
Dungeon (1/15)

Altars:


Innate Abilities, Weirdness & Mutations

You are immune to sickness and miasma.
Your stone body is resilient. (AC +2)
You are immune to poison.
You resist negative energy. (rN+)
You are resistant to electric shocks. (rElec)
You are resistant to unholy torment.
You are immune to petrification.


Message History

A goblin comes into view. It is wielding a +0 dagger.
The goblin shouts!
The gnoll hits you with a +0 spear.
You hit the gnoll.
The gnoll is heavily wounded.
The gnoll hits you but does no damage. x2
The endoplasm freezes you.
You are frozen.
You are too injured to fight recklessly!
You are too injured to fight recklessly!
You are too injured to fight recklessly!
You are too injured to fight recklessly!
You are too injured to fight recklessly!
You are too injured to fight recklessly!
You are too injured to fight recklessly!
You are too injured to fight recklessly!
You are too injured to fight recklessly!
You are too injured to fight recklessly!
You are too injured to fight recklessly!
You are too injured to fight recklessly!
You are too injured to fight recklessly!
You are too injured to fight recklessly!
You are too injured to fight recklessly!
You are too injured to fight recklessly!
You are too injured to fight recklessly!
You are too injured to fight recklessly!
You are too injured to fight recklessly!
You hit the gnoll.
The gnoll is heavily wounded.
The gnoll hits you but does no damage. The endoplasm barely misses you.
You barely miss the gnoll.
The gnoll is heavily wounded.
The gnoll hits you but does no damage. The endoplasm freezes you.
You are frozen.
* * * LOW HITPOINT WARNING * * *
You hit the endoplasm but do no damage. The gnoll barely misses you.
The endoplasm freezes you.
You are frozen.
You die...

### #^#.#.#.#.##..##
#.#.<.#.###....
#.#.#.#.#.##.###
##.###.#.###.#.### #.#
##.## ##.....
#######.####.#.###...###
..........#.###.#..###
........#..## ##..##
......J@#### ####
......gg# ........#
........# ........#
#####.... #.... #....


You could see a gnoll, an endoplasm and a goblin.

Vanquished Creatures
  An endoplasm (D:1)
  2 hobgoblins (D:1)
  A ball python (D:1)
  A frilled lizard (D:1)
  A rat (D:1)
6 creatures vanquished.

Notes
Turn   | Place    | Note
-------+----------+-------------------------------------------
     0 | D:1      | GorkyZ the Gargoyle Monk began the quest for the Orb.
     0 | D:1      | Reached XP level 1. HP: 14/14 MP: 1/1
   266 | D:1      | Frozen to death by an endoplasm

Illustrated notes

Levels and vault maps discovered:
D:1:      minmay_arrival_diagonal_passages, layout_basic

Action                   || total
-------------------------++-------
Melee: Mace              ||    22
Armor: Ring mail         ||     9
       Robe              ||     2
Dodge: Dodged            ||    16
